 Dungeon Crawl Stone Soup version 0.31-a0-152-g6aa68a64a1 (webtiles) character file.

Game seed: 4284954236632634372

10 Hubris850 the Chiller (level 2, 0/19 HPs)
             Began as a Merfolk Ice Elementalist on June 9, 2023.
             Slain by a jackal (2 damage)
             ... on level 1 of the Dungeon.
             The game lasted 00:01:16 (270 turns).

Hubris850 the Chiller (Merfolk Ice Elementalist)     Turns: 270, Time: 00:01:17

Health: 0/19       AC:  2    Str:  8    XL:     2   Next: 20%
Magic:  0/5        EV: 13    Int: 14    God:
Gold:   2          SH:  0    Dex: 14    Spells: 4/5 levels left

rFire   . . .        (no weapon)
rCold   . . .        (no shield)
rNeg    . . .        a - +0 robe
rPois   .            (no helmet)
rElec   .            (no cloak)
rCorr   .            (no gloves)
SInv    .            (no boots)
Will    .....        (no amulet)
Stlth   ++           (no ring)
HPRegen 0.23/turn    (no ring)
MPRegen 0.09/turn

%: no passive effects
@: no status effects
A: (nimble swimmer 2), mertail
a: no special abilities


You were on level 1 of the Dungeon.
You visited 1 branch of the dungeon, and saw 1 of its levels.

You collected 2 gold pieces.

Inventory:

Armour
 a - a +0 robe (worn)
Scrolls
 c - a scroll of teleportation {unknown}
 d - a scroll of identify {unknown}
Potions
 b - a potion of magic


   Skills:
 - Level 3.2 Dodging
 + Level 2.9 Stealth
 - Level 2.0 Spellcasting
 - Level 4.3 Ice Magic


You had 4 spell levels left.
You knew the following spells:

 Your Spells              Type           Power      Damage    Failure   Level
a - Freeze                Ice            52%        1d6       4%          1

Your spell library contained the following spells:

 Spells                   Type           Power      Damage    Failure   Level
 Frozen Ramparts          Ice            26%        1d4       12%         3
 Ozocubu's Armour         Ice            13%        N/A       12%         3
 Summon Ice Beast         Ice/Summ       7%         N/A       67%         4


Dungeon Overview and Level Annotations

Branches:
Dungeon (1/15)

Altars:


Innate Abilities, Weirdness & Mutations

((You are very nimble when in or above water. (Stealth+, EV+, Speed+++)))
Your lower body shifts to a powerful aquatic tail in water.


Message History

The jackal barely misses you. The jackal bites you.
* * * LOW HITPOINT WARNING * * *
You hit the jackal but do no damage.
The jackal is severely wounded.
The jackal bites you.
* * * LOW HITPOINT WARNING * * *
The jackal closely misses you.
The jackal bites you but does no damage.
You closely miss the jackal.
The jackal is severely wounded.
The jackal closely misses you. The jackal barely misses you.
The jackal misses you.
You hit the jackal but do no damage.
The jackal is severely wounded.
The jackal bites you but does no damage.
The jackal completely misses you.
You closely miss the jackal.
The jackal is severely wounded.
The jackal misses you.
The jackal bites you but does no damage.
The jackal closely misses you.
You hit the jackal but do no damage.
The jackal is severely wounded.
The jackal bites you but does no damage.
The jackal closely misses you. x2
You completely miss the jackal.
The jackal is severely wounded.
The jackal barely misses you. The jackal closely misses you.
The jackal barely misses you.
You closely miss the jackal.
The jackal is severely wounded.
The jackal barely misses you.
The jackal bites you but does no damage.
The jackal misses you.
You hit the jackal but do no damage.
The jackal is severely wounded.
The jackal bites you.
* * * LOW HITPOINT WARNING * * *
The jackal bites you.
You die...

#..~... ........##†#
#......## ###..#.....#
#..~~...###### #..####..#
##....~....##.###..#.....#
.#
.....~~..#>##..##........#
..
.....~..................#
. . #.~#.................#
..#####...#h##...........#
..........#h@..#.........#
..........###..##........#
......................#..#
.......[..###....#....#..#
....####..# #....#.#..#..#
......###.###............#
................##.#.....#
......###................#
.. #########+.......#


You could see 2 jackals.

Vanquished Creatures
  A ball python (D:1)
  A bat (D:1)
  2 endoplasms (D:1)
  A giant cockroach (D:1)
  2 jackals (D:1)
  A rat (D:1)
8 creatures vanquished.

Notes
Turn   | Place    | Note
-------+----------+-------------------------------------------
     0 | D:1      | Hubris850 the Merfolk Ice Elementalist began the quest for
                  | the Orb.
     0 | D:1      | Reached XP level 1. HP: 13/13 MP: 3/3
   183 | D:1      | Reached XP level 2. HP: 16/19 MP: 1/5
   270 | D:1      | Slain by a jackal

Illustrated notes

Levels and vault maps discovered:
D:1:      dpeg_arrival_boxes_within_box, layout_rooms, serial_rivers,
          chequers_serial_rivers_micro_c, chequers_serial_rivers_small_b,
          chequers_serial_rivers_room_a, chequers_serial_rivers_small_3,
          chequers_serial_rivers_micro_c, chequers_serial_rivers_large_b,
          minmay_misc_feat_ornament

Skill      XL: |  1 |
---------------+----+-----
Dodging        | 3 |  3.2
Stealth        | |  2.9
Spellcasting   | |  2.0
Ice Magic      | |  4.3

Action                     || total
---------------------------++-------
  Melee: Unarmed           ||    15
   Cast: Freeze            ||    14
 Armour: Robe              ||     9
  Dodge: Dodged            ||    29

Table legend: (Time is in decaauts)
 A = Elapsed time spent in this place.
 B = Non-inter-level travel time spent in this place.
 C = Inter-level travel time spent in this place.
 D = Time resting spent in this place.
 E = Time spent auto-exploring this place.
 F = Levels seen in this place.
 G = Mean time per level.
                   A        B        C        D        E       F      G
               +--------+--------+--------+--------+--------+-----+--------+
         Total |    270 |    270 |      0 |     44 |    147 |   1 |  270.0 |
       Dungeon |    270 |    270 |      0 |     44 |    147 |   1 |  270.0 |
               +--------+--------+--------+--------+--------+-----+--------+

Top non-repeatable levels by time:
     D:1: 270 daAuts
